 Dungeon Crawl Stone Soup version 0.17-a0-157-g289cc6a (webtiles) character file.

146 Ngotmuk the Skirmisher (level 5, -1/41 HPs)
             Began as a Demonspawn Abyssal Knight on Mar 26, 2015.
             Was a Believer of Lugonu.
             Shot with an arrow by a centaur (7 damage)
             ... on level 3 of the Dungeon.
             The game lasted 00:06:40 (2596 turns).

Ngotmuk the Skirmisher (Demonspawn Abyssal Knight)  Turns: 2596, Time: 00:06:40

Health: -1/41      AC: 11    Str: 14    XL:     5   Next: 7%
Magic:  0/7        EV: 12    Int: 13    God:    Lugonu [**....]
Gold:   93         SH:  0    Dex: 12    Spells: 0 memorised, 4 levels left

rFire  . . .     SeeInvis .     a - +1 mace
rCold  . . .     Clarity  .     t - +3 leather armour
rNeg   . . .     SustAb   .     (no shield)
rPois  .         Gourm    .     (no helmet)
rElec  .         Spirit   +     (no cloak)
rCorr  .         Warding  .     l - +0 pair of gloves
rMut   .         Stasis   .     (no boots)
MR     .....                    (no amulet)
Stlth  +.........               (no ring)
                                (no ring)

@: not resistant to hostile enchantments, very unstealthy
A: iridescent scales 1, powered by pain 1, magic shield
a: Depart the Abyss, Bend Space, Renounce Religion


You were on level 3 of the Dungeon.
You worshipped Lugonu.
Lugonu was pleased with you.
You were not hungry.

You visited 1 branch of the dungeon, and saw 3 of its levels.
You visited the Abyss 1 time.

You collected 93 gold pieces.

Inventory:

Hand weapons
 a - a +1 mace (weapon)
Armour
 l - a +0 pair of gloves (worn)
 t - a +3 leather armour (worn)
Scrolls
 d - a scroll of fear {unknown}
 e - 2 scrolls of remove curse
 f - 2 scrolls of teleportation {unknown}
 i - 2 scrolls of identify {unknown}
 j - a scroll of enchant armour {unknown}
 m - a scroll of fog {unknown}
Potions
 c - a potion of brilliance {unknown}
 h - a potion of curing {unknown}
 k - a potion of flight {unknown}
 n - 2 potions of agility {unknown}
 o - a potion of lignification {unknown}
 p - a potion of restore abilities {unknown}
 q - a potion of berserk rage {unknown}
 r - a potion of experience {unknown}
Comestibles
 g - a slice of pizza
 s - a royal jelly


   Skills:
 + Level 3.5 Fighting
 * Level 2.8 Maces & Flails
 + Level 2.6 Armour
 + Level 2.5 Dodging
 + Level 2.9 Invocations


You had 4 spell levels left.
You didn't know any spells.

Dungeon Overview and Level Annotations

Branches:
Dungeon (3/15)

Altars:
Qazlal
Xom


Innate Abilities, Weirdness & Mutations

You are partially covered in iridescent scales (AC +4).
You sometimes gain a little power by taking damage.
When hurt, damage is shared between your health and your magic reserves.


Message History

The centaur hits you but does no damage.
The jackal closely misses you.
You hit the centaur but do no damage.
The centaur is severely wounded.
The centaur closely misses you. The jackal bites you.
The centaur closely misses you. The jackal bites you.
You hit the centaur!
The centaur is almost dead.
The centaur closely misses you. The jackal barely misses you.
The centaur hits you.
* * * LOW HITPOINT WARNING * * *
The jackal bites you.
* * * LOW HITPOINT WARNING * * *
The centaur wields an uncursed shortbow.
The centaur shoots an arrow.
The arrow hits you.
* * * LOW HITPOINT WARNING * * *
The jackal barely misses you.
There is a stone staircase leading up here.
The centaur shoots an arrow.
The arrow hits you!
You die...

...........#
♣♣.♣
.........###
♣.♣♣
..........#
#### ♣.)♣
.....###.###..#
♣♣.♣ ♣♣ >...
#....§#..# ♣♣.♣
♣♣♣.
##...#.....#..#
♣.♣♣ ♣...
+.<...._..c..#
♣♣.♣ ♣♣..♣
...#.....#((#
♣..♣ ♣..♣♣
...#§...§#h@#
♣.♣♣ ♣..♣ .
###.###..# ♣.♣♣
♣♣.♣♣ ...##.###
♣..♣ ♣..♣
c..###. ♣♣.♣
♣♣..♣ .# #. ♣.♣
♣..♣♣ #. ♣.♣
♣♣..♣ #. ♣.♣
♣..♣♣ .
♣.♣♣♣.♣♣
♣...♣.♣


You could see a centaur and a jackal.

Vanquished Creatures
  An orc wizard (D:3)
  A gnoll (D:3)
  2 adders (D:2)
  A giant mite (D:3)
  A giant gecko (D:1)
  3 orcs (D:3)
  A ball python (D:1)
  12 bats
  8 giant cockroaches
  6 hobgoblins
  8 jackals
  5 kobolds
  An ooze (D:3)
  A quokka (D:3)
  5 giant newts
  9 goblins
  5 rats
70 creatures vanquished.

Vanquished Creatures (others)
  An adder (D:2)
  A bat (D:2)
2 creatures vanquished.

Grand Total: 72 creatures vanquished

Notes
Turn   | Place    | Note
--------------------------------------------------------------
     0 | Abyss:1  | Ngotmuk, the Demonspawn Abyssal Knight, began the quest for the Orb.
     0 | Abyss:1  | Reached XP level 1. HP: 18/18 MP: 1/1
    53 | Abyss:1  | Found a corrupted altar of Lugonu.
    58 | D:1      | Escaped the Abyss
    66 | D:1      | Reached skill level 1 in Dodging
   200 | D:1      | Gained mutation: You are partially covered in iridescent scales (AC +4). [demonic ancestry]
   200 | D:1      | Reached XP level 2. HP: 16/24 MP: 2/2
   613 | D:1      | Acquired Lugonu's second power
   618 | D:1      | Gained mutation: You sometimes gain a little power by taking damage. [demonic ancestry]
   618 | D:1      | Reached XP level 3. HP: 29/29 MP: 4/4
  1424 | D:2      | Found a shimmering altar of Xom.
  1703 | D:2      | Gained mutation: When hurt, damage is shared between your health and your magic reserves. [demonic ancestry]
  1703 | D:2      | Reached XP level 4. HP: 30/35 MP: 5/5
  2474 | D:3      | Reached XP level 5. HP: 41/41 MP: 7/7
  2573 | D:3      | Found a stormy altar of Qazlal.
  2578 | D:3      | Noticed a centaur
  2596 | D:3      | Shot with an arrow by a centaur

Action                   |  1- 3 |  4- 6 || total
-------------------------+-------+-------++-------
Melee: Mace              |   142 |   109 ||   251
  Use: Scroll            |       |     1 ||     1
  Eat: Bread ration      |     1 |       ||     1
       Pizza             |       |     1 ||     1
